 Dungeon Crawl Stone Soup version 0.29.1-12-g30fa7ad0bf (webtiles) character file.

Game seed: 17262149239109250086

462 FaviusArthum the Grave Robber (level 6, 0/33 HPs)
             Began as a Deep Elf Necromancer on Jan 10, 2023.
             Succumbed to a scorpion's poison
             ... on level 5 of the Dungeon.
             The game lasted 00:31:35 (6425 turns).

FaviusArthum the Grave Robber (DENe)                Turns: 6425, Time: 00:31:36

Health: 0/33       AC:  3    Str:  5    XL:     6   Next: 79%
Magic:  7/17       EV: 13    Int: 25    God:
Gold:   166        SH:  0    Dex: 15    Spells: 11/18 levels left

rFire   . . .      SeeInvis +   x - +6 short sword "Erisoc" {flame, rC+ Int+3 Stlth+}
rCold   + . .      Faith    .   (no shield)
rNeg    . . .      Spirit   .   a - +0 robe
rPois   .          Reflect  .   q - +0 helmet
rElec   .          Harm     .   (no cloak)
rCorr   .          Rampage  .   (no gloves)
Will    +....                   (no boots)
Stlth   +++.......              (no amulet)
HPRegen 0.11/turn               w - ring of willpower
MPRegen 0.15/turn               y - ring of see invisible

@: mighty, lethally poisoned (0 -> -10)
A: no striking features
a: no special abilities


You were on level 5 of the Dungeon.
You visited 1 branch of the dungeon, and saw 5 of its levels.

You collected 166 gold pieces.

Inventory:

Hand Weapons
 c - a +0 dagger
 d - a +0 whip
 p - a +4 club
 x - the +6 short sword "Erisoc" (weapon) {flame, rC+ Int+3 Stlth+}
   (You found it on level 3 of the Dungeon)

   It burns those it strikes, dealing additional fire damage.
   Int:       It affects your intelligence (+3).
   rC:        It protects you from cold.
   Stlth:     It makes you more stealthy.
Missiles
 t - 2 poisoned darts
 u - 6 javelins
 z - a throwing net
Armour
 a - a +0 robe (worn)
 q - a +0 helmet (worn)
 v - a +0 ring mail
Magical Staves
 B - a staff of air
Jewellery
 w - a ring of willpower (left hand)
 y - a ring of see invisible (right hand)
 A - a +4 ring of protection
Scrolls
 e - a scroll of noise {unknown}
 g - a scroll of poison {unknown}
 h - a scroll of torment {unknown}
 i - a scroll of vulnerability {unknown}
 k - a scroll of summoning {unknown}
 l - 3 scrolls of enchant armour {unknown}
Potions
 b - 2 potions of magic
 f - 2 potions of mutation {unknown}
 j - 2 potions of ambrosia {unknown}
 n - 2 potions of flight {unknown}
 o - a potion of invisibility {unknown}
 r - 3 potions of haste {unknown}
 s - 2 potions of attraction {unknown}


   Skills:
 + Level 0.6 Fighting
 + Level 1.0 Short Blades
 + Level 2.9 Dodging
 + Level 3.5 Stealth
 + Level 6.5 Spellcasting
 + Level 7.3 Necromancy


You had 11 spell levels left.
You knew the following spells:

 Your Spells              Type           Power      Damage    Failure   Level
a - Necrotise             Necr           100%       1d9       1%          1
b - Vampiric Draining     Necr           45%        2d9       1%          3
c - Tukima's Dance        Hex            8%         N/A       22%         3

Your spell library contained the following spells:

 Spells                   Type           Power      Damage    Failure   Level
 Animate Dead             Necr           45%        N/A       3%          4
 Agony                    Necr           45%        N/A       10%         5
 Call Canine Familiar     Summ           8%         N/A       22%         3
 Portal Projectile        Hex/Tloc       16%        N/A       22%         3
 Leda's Liquefaction      Hex/Erth       4%         N/A       56%         4
 Blade Hands              Tmut           4%         N/A       89%         5


Dungeon Overview and Level Annotations

Branches:
Dungeon (5/15)
 Temple: D:4-7

Altars:

Annotations:
D:4 2 transporters, Oxelix's ghost, amateur MiBe


Message History

The scorpion poisons you!
You barely miss the scorpion.
The scorpion is heavily wounded.
You feel very sick. The scorpion stings you.
You are lethally poisoned!
The scorpion poisons you!
Casting: Necrotise (safe; 1% risk of failure)
Confirm with . or Enter, or press ? or * to list all spells.
Aiming: Vampiric Draining (safe; 1% risk of failure)
Press: ? - help, Shift-Dir - straight line, f/p - scorpion
Aim: a scorpion (heavily wounded)
You draw life force from the scorpion!
You feel life coursing into your body.
You feel very sick. The scorpion stings you.
Casting: Vampiric Draining (safe; 1% risk of failure)
Confirm with . or Enter, or press ? or * to list all spells.
Aiming: Vampiric Draining (safe; 1% risk of failure)
Press: ? - help, Shift-Dir - straight line, p - scorpion Nothing appears to happen.
* * * LOW HITPOINT WARNING * * *
You feel very sick. The scorpion stings you.
* * * LOW HITPOINT WARNING * * *
Casting: Vampiric Draining (safe; 1% risk of failure)
Confirm with . or Enter, or press ? or * to list all spells.
Aiming: Vampiric Draining (safe; 1% risk of failure)
Press: ? - help, Shift-Dir - straight line, f - scorpion
Aim: a scorpion (almost dead)
You draw life force from the scorpion!
You kill the scorpion!
* * * LOW HITPOINT WARNING * * *
You feel very sick.
There is a lethal amount of poison in your body!
There is a lethal amount of poison in your body!
There is a lethal amount of poison in your body!
There is a lethal amount of poison in your body!
It was a potion of might.
You feel very mighty all of a sudden.
You die...

.##########
.......@..#
.########.####
#.....#
#.....######
#.....<....#
#####......[..#.#
#............##
#.###.........# #
##..)....#.#


There were no monsters in sight!

Vanquished Creatures
  Eustachio (D:4)
  2 scorpions
  A howler monkey (D:4)
  An iguana (D:5)
  Robin (D:2)
  An adder (D:3)
  A river rat (D:3)
  2 worms (D:3)
  3 dart slugs
  6 orcs
  3 bats
  6 endoplasms
  A giant cockroach (D:3)
  15 goblins
  11 hobgoblins
  4 jackals (D:1)
  6 kobolds
  4 quokkas
  3 ball pythons
  4 frilled lizards
  6 rats
82 creatures vanquished.

Vanquished Creatures (collateral kills)
  A bat (D:1)
  A jackal (D:1)
  A quokka (D:5)
3 creatures vanquished.

Grand Total: 85 creatures vanquished

Notes
Turn   | Place    | Note
-------+----------+-------------------------------------------
     0 | D:1      | FaviusArthum the Deep Elf Necromancer began the quest for
                  | the Orb.
     0 | D:1      | Reached XP level 1. HP: 10/10 MP: 6/6
    16 | D:1      | Reached skill level 5 in Necromancy
   428 | D:1      | Reached XP level 2. HP: 15/15 MP: 8/8
  1210 | D:1      | Found a faded altar of an unknown god.
  1313 | D:1      | Reached XP level 3. HP: 19/19 MP: 8/10
  1317 | D:1      | Learned a level 3 spell: Vampiric Draining
  2004 | D:2      | Noticed Robin
  3034 | D:2      | Killed Robin
  3035 | D:2      | Reached XP level 4. HP: 21/24 MP: 2/11
  3877 | D:3      | Identified the +6 short sword "Erisoc" {flame, rC+ Int+3
                  | Stlth+}
  3984 | D:3      | Reached skill level 6 in Necromancy
  4530 | D:3      | Learned a level 3 spell: Tukima's Dance
  4567 | D:4      | Noticed a small abomination
  4625 | D:4      | Noticed Eustachio
  5161 | D:4      | Noticed a scorpion
  5184 | D:4      | Killed a scorpion
  5185 | D:4      | Reached XP level 5. HP: 28/28 MP: 5/14
  5403 | D:4      | Found a transporter.
  5409 | D:4      | Found a transporter.
  5430 | D:4      | Noticed an ancient zyme
  5433 | D:4      | Noticed Oxelix's ghost (amateur MiBe)
  5446 | D:4      | Noticed a small abomination
  5531 | D:4      | Reached skill level 5 in Spellcasting
  5789 | D:4      | Killed Eustachio
  5790 | D:4      | Reached skill level 1 in Short Blades
  5790 | D:4      | Reached skill level 7 in Necromancy
  5790 | D:4      | Reached XP level 6. HP: 33/33 MP: 5/17
  6290 | D:5      | Entered Level 5 of the Dungeon
  6425 | D:5      | Succumbed to a scorpion's poison

Illustrated notes

Levels and vault maps discovered:
D:1:      minmay_arrival_stone_box, layout_basic,
          dreamdust_ecumenical_altar_angels_and_demons
D:2:      layout_basic, uniq_robin
D:3:      layout_loops_ring, gup_sewer_entry_bubbles
D:4:      layout_loops_cross, gammafunk_ghost_abyssal_escape, kennysheep_dice,
          uniq_eustachio
D:5:      layout_loops_ring

Skill      XL: |  1  2  3  4  5 |
---------------+----------------+-----
Necromancy     | 5 6 7 |  7.3
Stealth        | 3 |  3.5
Spellcasting   | 4 6 |  6.5
Short Blades   | 1 |  1.0
Fighting       | |  0.6
Dodging        | |  2.9

Action                   |  1- 3 |  4- 6 || total
-------------------------+-------+-------++-------
Melee: Dagger            |    23 |       ||    23
       Punch             |     1 |     1 ||     2
       Short sword       |       |    34 ||    34
       Club              |       |    19 ||    19
Throw: Dart              |       |     1 ||     1
 Cast: Necrotise         |    56 |    55 ||   111
       Vampiric Draining |     4 |    12 ||    16
  Use: Scroll            |       |     3 ||     3
       Potion            |       |     1 ||     1
 Stab: Sleeping          |     3 |     4 ||     7
       Distracted        |     1 |       ||     1
Armor: Robe              |     5 |    19 ||    24
Dodge: Dodged            |    23 |    63 ||    86
